Map: Acropolis LE

Players

Has

  • Race: Protoss Protoss
  • League: Master
  • Spawn Location: 11:00

Scarlett - Winner!

  • Race: Zerg Zerg
  • Spawn Location: 5:00

Event: NationWars 2019

VOD

Have the link to the VOD?

Description

Time

  • Played on: Nov. 16, 2019, 11:09 a.m.
  • Length: 8:10
Show
View Real Time Build Order
Export as new Build Order

Has Protoss 

Build Orders: Oracle Opening 

Get SALT Encoding   

  12  0:01  Probe  
  13  0:13  Probe  
  14  0:20  Pylon  
  14  0:25  Probe  
  15  0:38  Probe (Chrono Boost), Gateway  
  16  0:48  Probe (Chrono Boost)  
  17  0:50  Assimilator  
  17  0:53  Probe (Chrono Boost)  
  18  1:04  Forge  
  18  1:07  Probe  
  19  1:19  Probe  
  20  1:34  Pylon  
  20  1:35  Pylon  
  20  1:36  Pylon  
  20  1:37  Pylon  
  20  1:42  Probe  
  21  1:52  Cybernetics Core  
  21  1:53  Photon Cannon  
  21  2:08  Nexus  
  22  2:16  Assimilator  
  22  2:17  Probe  
  22  2:26  Adept (Chrono Boost)  
  22  2:29  Probe  
  25  2:41  Stargate, Probe  
  26  2:47  Adept (Chrono Boost)  
  28  2:56  Pylon  
  28  2:59  Probe  
  29  3:11  Probe  
  30  3:15  Pylon  
  30  3:20  Probe  
  30  3:23  Oracle (Chrono Boost), Probe  
  35  3:48  Photon Cannon x2  
  35  3:53  Void Ray (Chrono Boost)  
  39  3:57  Pylon  
  39  4:01  Shield Battery  
  39  4:04  Shield Battery  
  39  4:10  Stalker  
  41  4:20  Shield Battery  
  41  4:27  Pylon  
  41  4:31  Pylon  
  41  4:35  Void Ray (Chrono Boost)  
  47  5:01  Shield Battery  
  47  5:02  Shield Battery  
  45  5:09  Pylon  
  45  5:10  Void Ray (Chrono Boost)  
  45  5:12  Pylon  
  45  5:42  Void Ray (Chrono Boost)  
  45  5:43  Shield Battery  
  45  5:44  Shield Battery  
  49  5:56  Stargate  
  49  6:07  Shield Battery  
  47  6:13  Pylon  
  47  6:15  Void Ray (Chrono Boost)  
  49  6:27  Assimilator  
  49  6:50  Phoenix (Chrono Boost)  
  49  6:57  Phoenix (Chrono Boost)  
  49  6:59  Probe x2  
  49  7:00  Gateway  
  51  7:02  Pylon  
  51  7:08  Pylon  
  51  7:09  Phoenix (Chrono Boost)  
  53  7:19  Probe x2  
  57  7:30  Phoenix (Chrono Boost)  
Show
View Real Time Build Order
Export as new Build Order

Scarlett Zerg - Winner!

Build Orders: Hatch First, Roach Nydus 

Get SALT Encoding   

  12  0:00  Drone  
  13  0:13  Overlord  
  13  0:17  Drone  
  14  0:31  Drone x2  
  16  0:47  Hatchery  
  15  0:51  Drone  
  15  0:54  Drone  
  17  0:57  Drone  
  18  1:08  Extractor  
  17  1:13  Spawning Pool  
  17  1:16  Drone  
  17  1:21  Drone  
  18  1:29  Drone  
  19  1:39  Drone  
  20  1:42  Extractor  
  20  1:48  Hatchery  
  19  1:56  Drone  
  19  1:59  Queen  
  22  2:01  Roach Warren  
  22  2:03  Drone  
  22  2:12  Overlord  
  22  2:37  Lair  
  22  2:41  Roach  
  22  2:42  Roach  
  26  2:47  Drone  
  27  2:55  Drone  
  28  3:06  Overlord  
  28  3:07  Queen  
  28  3:09  Drone  
  31  3:13  Ravager  
  31  3:14  Ravager  
  31  3:16  Overlord  
  31  3:17  Drone  
  34  3:22  Roach  
  36  3:38  Queen  
  36  3:39  Roach  
  40  3:47  Nydus Network  
  39  3:48  Queen  
  41  3:59  Roach x2  
  45  4:08  Roach x2  
  49  4:12  Overlord  
  49  4:14  Ravager  
  50  4:17  Spore Crawler  
  50  4:23  Nydus Canal  
  49  4:30  Roach  
  51  4:32  Roach  
  53  4:42  Nydus Canal  
  53  5:02  Ravager, Queen  
  53  5:03  Queen  
  53  5:04  Overlord  
  58  5:11  Ravager, Overlord  
  59  5:17  Overlord  
  55  5:39  Queen x2  
  59  5:43  Drone  
  59  5:44  Ravager x2  
  62  6:05  Ravager  
  63  6:13  Ravager  
  63  6:14  Queen  
  63  6:17  Drone x3  
  69  6:24  Drone x3  
  70  6:49  Queen  
  72  6:58  Roach  
  72  6:59  Roach  
  72  7:00  Overlord x2  
  76  7:21  Queen  
  78  7:23  Ravager x3  
  78  7:25  Queen  
Tags
 
Add a new tag
Caveats
  • Supply blocks, unpowered buildings, or Contaminate may cause inaccurate times.
  • Supply counts are checked every 10 seconds.